Penguins vs Sabres

Created - April-03-13 at 17:17

Goals
1 2 3 OT1 T
Penguins 0 1 0 1 2
Sabres 0 0 1 0 1
Shots
1 2 3 OT1 T
Penguins 6 8 1 4 19
Sabres 15 4 8 2 29

1st period

No Goal

Penalties :
Christian Ehrhoff (BUF) for Tripping (Minor) at 0:15, Gabriel Landeskog (PIT) for Tripping (Minor) at 3:05, Alexander Edler (PIT) for Interference (Minor) at 11:16, Karl Alzner (BUF) for High sticking (Minor) at 19:21

2nd period

1. Penguins , Joe Pavelski 26 (Nick Leddy) at 9:39

Penalties :
Joe Pavelski (PIT) for Holding (Minor) at 0:45, Mike Richards (BUF) for Hooking (Minor) at 13:35

3rd period

2. Sabres , Jeff Carter 19 (Tyler Myers, Thomas Vanek) at 6:33

Penalties :
Alexander Edler (PIT) for Hooking (Minor) at 8:54, Alexander Edler (PIT) for Hooking (Minor) at 16:23

Overtime #1

3. Penguins , David Perron 22 (John Tavares) at 4:24

Penalties :
No Penalty

Goalie Stats

Marc-Andre Fleury (PIT), 28 saves from 29 shots - (0.966), W, 43-26-9, 64:25 minutes
Peter Budaj (BUF), 17 saves from 19 shots - (0.895), OTL, 10-11-3, 64:25 minutes

Players Stats for Penguins

Player Name              G  A  P  +/- PIM S  H  SB GA TA FO     MP     PP MP  PK MP  
------------------------------------------------------------------------------------
Adam Larsson             0  0  0  -1  0   0  2  0  0  0  0/0    13:29   0:00   2:33 
Alexander Edler          0  0  0   2  6   2  0  0  0  0  0/0    23:18   3:01   1:19 
Alexander Steen          0  0  0   1  0   1  0  0  0  0  0/0    18:02   2:07   0:11 
Andrew Ladd              0  0  0  -1  0   1  0  0  0  0  0/1    13:02   0:00   0:00 
Bobby Butler             0  0  0   0  0   0  0  0  0  0  0/0     0:00   0:00   0:00 
Cam Fowler               0  0  0   0  0   0  0  0  0  0  0/0     4:22   0:00   0:00 
David Perron             1  0  1   1  0   3  1  0  0  0  2/5    23:05   3:15   0:00 
Gabriel Landeskog        0  0  0   0  2   3  2  2  0  0  0/1    21:13   3:15   0:00 
Joe Pavelski             1  0  1   1  2   1  0  0  0  0  8/21   19:09   2:06   0:12 
John Tavares             0  1  1   1  0   4  0  0  0  0  15/23  23:05   3:15   0:00 
Kris Letang              0  0  0   0  0   1  3  2  0  0  0/0    26:10   2:21   4:03 
Nick Leddy               0  1  1   2  0   1  1  0  0  0  0/0    22:57   3:01   5:17 
Nick Schultz             0  0  0  -1  0   0  1  2  0  0  0/0    10:56   0:00   0:00 
Ryan Callahan            0  0  0   1  0   0  4  0  0  0  0/2    22:23   2:07   5:27 
Ryan Smyth               0  0  0  -1  0   0  2  0  0  0  0/1    12:59   0:00   3:42 
Ryan Suter               0  0  0   0  0   1  0  3  0  0  0/0    27:35   2:21   5:28 
Stephen Weiss            0  0  0  -1  0   1  0  0  0  0  8/19   18:17   0:00   5:15 
Zack Smith               0  0  0   0  0   0  0  0  0  0  4/10    7:38   0:00   3:53 

Players Stats for Sabres

Player Name              G  A  P  +/- PIM S  H  SB GA TA FO     MP     PP MP  PK MP  
------------------------------------------------------------------------------------
Andrej Sekera            0  0  0  -1  0   0  0  1  0  0  0/0    18:57   4:36   0:00 
Chris Butler             0  0  0   0  0   1  1  0  0  0  0/0    19:25   4:59   2:51 
Christian Ehrhoff        0  0  0   0  2   2  0  0  0  0  0/0    24:13   4:21   0:40 
Dan Cleary               0  0  0  -1  0   2  2  0  0  0  0/0    16:49   0:00   0:32 
Devin Setoguchi          0  0  0   0  0   0  1  0  0  0  2/2    17:42   4:39   0:00 
Evgeny Grachev           0  0  0   0  0   2  0  0  0  0  1/1     7:21   0:00   0:00 
Grant Clitsome           0  0  0  -1  0   0  0  0  0  0  0/0    21:26   0:00   2:31 
Jason Williams           0  0  0   0  0   0  0  0  0  0  3/7    19:22   4:41   2:58 
Jeff Carter              1  0  1  -1  0   5  1  0  0  0  17/32  23:26   4:39   0:00 
Joel Ward                0  0  0   0  0   2  0  0  0  0  0/1    16:31   4:41   1:52 
Karl Alzner              0  0  0   0  2   1  1  0  0  0  0/0    18:53   0:00   2:11 
Martin Hanzal            0  0  0   0  0   2  1  0  0  0  11/18  14:02   0:00   3:30 
Mike Richards            0  0  0   0  2   1  2  0  0  0  8/14   13:02   0:00   0:00 
Patrice Cormier          0  0  0   0  0   0  0  0  0  0  1/4     7:21   0:00   0:00 
Patrick Kaleta           0  0  0   0  0   1  2  0  0  0  0/0     7:21   0:00   0:00 
Thomas Vanek             0  1  1   0  0   3  1  0  0  0  2/3    23:24   4:39   0:00 
Tuomo Ruutu              0  0  0   0  0   5  3  0  0  0  1/1    16:31   4:41   1:52 
Tyler Myers              0  1  1   0  0   2  0  1  0  0  0/0    25:54   4:44   2:31 

3 Stars

1 - Marc-Andre Fleury (PIT)
2 - David Perron (PIT)
3 - Nick Leddy (PIT)

Power Play

Penguins - 0 on 3 Attempt(s) - 0.00%
Sabres - 0 on 5 Attempt(s) - 0.00%

Penalty Kill

Penguins - 5 on 5 Attempt(s) - 100.00% - Score 0 goal in Penalty Kill
Sabres - 3 on 3 Attempt(s) - 100.00% - Score 0 goal in Penalty Kill

Official

Referees : Tom Kowal and Kelly Sutherland
Linesman : Tony Sericolo and Brad Kovachik

Game Notes

No Game Note

Finance

Level 1 -- Attendance: 5986 (92.09%) -- Ticket Income $532,754
Level 2 -- Attendance: 5000 (100.00%) -- Ticket Income $275,000
Level 3 -- Attendance: 3500 (100.00%) -- Ticket Income $140,000
Level 4 -- Attendance: 2690 (100.00%) -- Ticket Income $75,320
Luxury Box -- Attendance: 912 (91.20%) -- Ticket Income $200,640
Game was played at the First Niagara Center
Total Attendance: 18088 (96.78%)
Total Ticket Income: $1,223,714
Other Income: $183,557
Total Income: $1,407,271


% Time on Ice - Penguins

Lines # - Real PCT - Wanted PCT - Time Play
Normal Forward
1 - 38% - 36% - 16:52
2 - 33% - 32% - 14:49
3 - 21% - 22% - 9:17
4 - 8% - 10% - 3:45
Normal Defense
1 - 39% - 40% - 17:31
2 - 27% - 30% - 11:54
3 - 24% - 20% - 10:56
4 - 10% - 10% - 4:22
PP Forward
1 - 61% - 60% - 3:15
2 - 39% - 40% - 2:07
PP Defense
1 - 44% - 60% - 2:21
2 - 56% - 40% - 3:01
PK Forward
1 - 58% - 55% - 5:27
2 - 42% - 45% - 3:53
PK Defense
1 - 57% - 60% - 5:17
2 - 43% - 40% - 4:03
PK3 Forward
1 - 0% - 60%
2 - 0% - 40%
PK3 Defense
1 - 0% - 55%
2 - 0% - 45%
44 Forward
1 - 78% - 60% - 3:53
2 - 22% - 40% - 1:07
44 Defense
1 - 45% - 55% - 2:15
2 - 55% - 45% - 2:45
Last Minute Offensive  - 0:00
Last Minute Defensive  - 0:00
Total
Forward - 64:25
Defense - 64:25

% Time on Ice - Sabres

Lines # - Real PCT - Wanted PCT - Time Play
Normal Forward
1 - 35% - 40% - 15:41
2 - 26% - 30% - 11:43
3 - 22% - 20% - 9:58
4 - 16% - 10% - 7:21
Normal Defense
1 - 35% - 40% - 15:35
2 - 36% - 30% - 16:09
3 - 25% - 20% - 11:01
4 - 4% - 10% - 1:58
PP Forward
1 - 50% - 60% - 4:39
2 - 50% - 40% - 4:41
PP Defense
1 - 53% - 60% - 4:59
2 - 47% - 40% - 4:21
PK Forward
1 - 65% - 60% - 3:30
2 - 35% - 40% - 1:52
PK Defense
1 - 53% - 60% - 2:51
2 - 47% - 40% - 2:31
PK3 Forward
1 - 0% - 60%
2 - 0% - 40%
PK3 Defense
1 - 0% - 60%
2 - 0% - 40%
44 Forward
1 - 73% - 60% - 3:40
2 - 27% - 40% - 1:20
44 Defense
1 - 73% - 60% - 3:38
2 - 27% - 40% - 1:22
Last Minute Offensive  - 0:00
Last Minute Defensive  - 0:00
Total
Forward - 64:25
Defense - 64:25

Play by Play

1st period


0:01 of 1st period - David Perron wins face-off versus Jeff Carter in neutral zone.
0:10 of 1st period - Shot by John Tavares.
0:10 of 1st period - Stopped by Peter Budaj without a rebound.
0:11 of 1st period - Mike Richards wins face-off versus Joe Pavelski in Sabres zone.
0:15 of 1st period - Minor Penalty to Christian Ehrhoff for Tripping.
0:16 of 1st period - John Tavares wins face-off versus Martin Hanzal in Sabres zone.
0:19 of 1st period - Shot by John Tavares.
0:19 of 1st period - Shot Misses the Net.
1:05 of 1st period - Ryan Suter is hit by Chris Butler and loses puck.
2:37 of 1st period - Shot by Stephen Weiss.
2:37 of 1st period - Shot Misses the Net.
2:43 of 1st period - Shot by Stephen Weiss.
2:43 of 1st period - Shot Misses the Net.
2:45 of 1st period - Shot by Adam Larsson.
2:45 of 1st period - Shot Misses the Net.
2:53 of 1st period - Shot by Ryan Smyth.
2:53 of 1st period - Deflect By Stephen Weiss.
2:53 of 1st period - Shot Misses the Net.
3:05 of 1st period - Minor Penalty to Gabriel Landeskog for Tripping.
3:06 of 1st period - Jeff Carter wins face-off versus Stephen Weiss in Penguins zone.
3:31 of 1st period - Shot by Jeff Carter.
3:31 of 1st period - Stopped by Marc-Andre Fleury with a rebound.
3:33 of 1st period - Shot by Tyler Myers.
3:33 of 1st period - Shot Misses the Net.
4:25 of 1st period - Shot by Joel Ward.
4:25 of 1st period - Stopped by Marc-Andre Fleury with a rebound.
4:40 of 1st period - Icing by Christian Ehrhoff.
4:41 of 1st period - Zack Smith wins face-off versus Jason Williams in Sabres zone.
5:07 of 1st period - John Tavares is hit by Patrick Kaleta and loses puck.
5:16 of 1st period - Shot by Evgeny Grachev.
5:16 of 1st period - Stopped by Marc-Andre Fleury without a rebound.
5:17 of 1st period - John Tavares wins face-off versus Jeff Carter in Penguins zone.
5:36 of 1st period - Jeff Carter is hit by Gabriel Landeskog and loses puck.
5:41 of 1st period - Shot by John Tavares.
5:41 of 1st period - Stopped by Peter Budaj without a rebound.
5:42 of 1st period - Patrice Cormier wins face-off versus Joe Pavelski in Sabres zone.
5:51 of 1st period - Shot by Evgeny Grachev.
5:51 of 1st period - Shot Misses the Net.
5:53 of 1st period - Shot by Evgeny Grachev.
5:53 of 1st period - Stopped by Marc-Andre Fleury with a rebound.
7:00 of 1st period - Shot by Mike Richards.
7:00 of 1st period - Shot Blocked by Ryan Suter.
7:02 of 1st period - Shot by Chris Butler.
7:02 of 1st period - Deflect By Mike Richards.
7:02 of 1st period - Shot Misses the Net.
8:06 of 1st period - Shot by Jeff Carter.
8:06 of 1st period - Shot Hit the Post.
8:28 of 1st period - Shot by Tuomo Ruutu.
8:28 of 1st period - Deflect By Joel Ward.
8:28 of 1st period - Stopped by Marc-Andre Fleury with a rebound.
8:44 of 1st period - Shot by Tuomo Ruutu.
8:44 of 1st period - Stopped by Marc-Andre Fleury without a rebound.
8:45 of 1st period - Stephen Weiss wins face-off versus Patrice Cormier in Penguins zone.
8:45 of 1st period - Nick Schultz is hit by Patrick Kaleta and loses puck.
8:54 of 1st period - Icing by Chris Butler.
8:55 of 1st period - Zack Smith wins face-off versus Patrice Cormier in Sabres zone.
9:39 of 1st period - Off-side.
9:40 of 1st period - Jeff Carter wins face-off versus John Tavares in neutral zone.
10:01 of 1st period - Shot by David Perron.
10:01 of 1st period - Stopped by Peter Budaj without a rebound.
10:02 of 1st period - Mike Richards wins face-off versus Joe Pavelski in Sabres zone.
11:00 of 1st period - Thomas Vanek is hit by Kris Letang and loses puck.
11:03 of 1st period - Shot by Dan Cleary.
11:03 of 1st period - Stopped by Marc-Andre Fleury without a rebound.
11:04 of 1st period - Martin Hanzal wins face-off versus John Tavares in Penguins zone.
11:16 of 1st period - Minor Penalty to Alexander Edler for Interference.
11:17 of 1st period - Jeff Carter wins face-off versus Stephen Weiss in Penguins zone.
11:54 of 1st period - Shot by Jeff Carter.
11:54 of 1st period - Deflect By Thomas Vanek.
11:54 of 1st period - Stopped by Marc-Andre Fleury with a rebound.
11:56 of 1st period - Shot by Tyler Myers.
11:56 of 1st period - Stopped by Marc-Andre Fleury without a rebound.
11:57 of 1st period - Stephen Weiss wins face-off versus Jason Williams in Penguins zone.
12:15 of 1st period - Joel Ward is hit by Adam Larsson and loses puck.
12:19 of 1st period - Tuomo Ruutu is hit by Nick Leddy and loses puck.
12:32 of 1st period - Shot by Tuomo Ruutu.
12:32 of 1st period - Stopped by Marc-Andre Fleury without a rebound.
12:33 of 1st period - Devin Setoguchi wins face-off versus Zack Smith in Penguins zone.
12:34 of 1st period - Shot by Jeff Carter.
12:34 of 1st period - Shot Blocked by Kris Letang.
12:36 of 1st period - Shot by Tyler Myers.
12:36 of 1st period - Shot Misses the Net.
12:38 of 1st period - Shot by Tyler Myers.
12:38 of 1st period - Shot Blocked by Ryan Suter.
12:40 of 1st period - Shot by Chris Butler.
12:40 of 1st period - Stopped by Marc-Andre Fleury without a rebound.
12:41 of 1st period - Zack Smith wins face-off versus Jeff Carter in Penguins zone.
12:51 of 1st period - Icing by Chris Butler.
12:52 of 1st period - Thomas Vanek wins face-off versus Stephen Weiss in Sabres zone.
12:57 of 1st period - Shot by Thomas Vanek.
12:57 of 1st period - Shot Misses the Net.
13:15 of 1st period - Shot by Jeff Carter.
13:15 of 1st period - Shot Misses the Net.
13:59 of 1st period - Shot by Karl Alzner.
13:59 of 1st period - Shot Misses the Net.
14:09 of 1st period - Tyler Myers is hit by David Perron.
15:05 of 1st period - Shot by Mike Richards.
15:05 of 1st period - Shot Blocked by Gabriel Landeskog.
15:43 of 1st period - Shot by Patrick Kaleta.
15:43 of 1st period - Stopped by Marc-Andre Fleury with a rebound.
15:45 of 1st period - Shot by Evgeny Grachev.
15:45 of 1st period - Shot Blocked by Ryan Suter.
15:47 of 1st period - Shot by Christian Ehrhoff.
15:47 of 1st period - Stopped by Marc-Andre Fleury without a rebound.
15:48 of 1st period - Martin Hanzal wins face-off versus Joe Pavelski in Penguins zone.
15:48 of 1st period - Tuomo Ruutu is hit by Nick Schultz and loses puck.
15:59 of 1st period - Shot by Martin Hanzal.
15:59 of 1st period - Shot Misses the Net.
16:01 of 1st period - Shot by Christian Ehrhoff.
16:01 of 1st period - Shot Misses the Net.
16:03 of 1st period - Shot by Tuomo Ruutu.
16:03 of 1st period - Stopped by Marc-Andre Fleury without a rebound.
16:04 of 1st period - Jeff Carter wins face-off versus Stephen Weiss in Penguins zone.
16:04 of 1st period - Tyler Myers is hit by Kris Letang and loses puck.
16:08 of 1st period - Icing by Ryan Suter.
16:09 of 1st period - Stephen Weiss wins face-off versus Jeff Carter in Penguins zone.
17:20 of 1st period - Shot by Karl Alzner.
17:20 of 1st period - Stopped by Marc-Andre Fleury without a rebound.
17:21 of 1st period - Martin Hanzal wins face-off versus Joe Pavelski in Penguins zone.
17:38 of 1st period - Shot by Alexander Steen.
17:38 of 1st period - Stopped by Peter Budaj with a rebound.
18:00 of 1st period - Tuomo Ruutu is hit by Ryan Callahan and loses puck.
18:23 of 1st period - David Perron is hit by Mike Richards and loses puck.
18:34 of 1st period - Icing by Mike Richards.
18:35 of 1st period - Mike Richards wins face-off versus Stephen Weiss in Sabres zone.
19:21 of 1st period - Minor Penalty to Karl Alzner for High sticking.
19:22 of 1st period - Martin Hanzal wins face-off versus John Tavares in Sabres zone.
19:27 of 1st period - Shot by John Tavares.
19:27 of 1st period - Stopped by Peter Budaj without a rebound.
19:28 of 1st period - John Tavares wins face-off versus Martin Hanzal in Sabres zone.
19:29 of 1st period - Shot by Gabriel Landeskog.
19:29 of 1st period - Stopped by Peter Budaj with a rebound.
19:31 of 1st period - Shot by David Perron.
19:31 of 1st period - Deflect By John Tavares.
19:31 of 1st period - Shot Misses the Net.

2nd period


0:01 of 2nd period - Martin Hanzal wins face-off versus John Tavares in neutral zone.
0:03 of 2nd period - Off-side.
0:04 of 2nd period - John Tavares wins face-off versus Jason Williams in neutral zone.
0:36 of 2nd period - Shot by Ryan Suter.
0:36 of 2nd period - Stopped by Peter Budaj without a rebound.
0:37 of 2nd period - Joe Pavelski wins face-off versus Martin Hanzal in Sabres zone.
0:45 of 2nd period - Minor Penalty to Joe Pavelski for Holding.
0:46 of 2nd period - John Tavares wins face-off versus Jeff Carter in Penguins zone.
1:18 of 2nd period - Shot by Jeff Carter.
1:18 of 2nd period - Shot Misses the Net.
2:29 of 2nd period - Shot by Christian Ehrhoff.
2:29 of 2nd period - Stopped by Marc-Andre Fleury without a rebound.
2:30 of 2nd period - Jason Williams wins face-off versus Stephen Weiss in Penguins zone.
4:18 of 2nd period - Off-side.
4:19 of 2nd period - Stephen Weiss wins face-off versus Mike Richards in neutral zone.
4:39 of 2nd period - Icing by Nick Leddy.
4:40 of 2nd period - Stephen Weiss wins face-off versus Martin Hanzal in Penguins zone.
5:21 of 2nd period - Shot by Joel Ward.
5:21 of 2nd period - Shot Misses the Net.
5:36 of 2nd period - Icing by Dan Cleary.
5:37 of 2nd period - Joe Pavelski wins face-off versus Jeff Carter in Sabres zone.
5:52 of 2nd period - Shot by Thomas Vanek.
5:52 of 2nd period - Stopped by Marc-Andre Fleury without a rebound.
5:53 of 2nd period - John Tavares wins face-off versus Mike Richards in Penguins zone.
5:53 of 2nd period - John Tavares is hit by Mike Richards.
5:59 of 2nd period - Shot by David Perron.
5:59 of 2nd period - Stopped by Peter Budaj without a rebound.
6:00 of 2nd period - David Perron wins face-off versus Jeff Carter in Sabres zone.
6:38 of 2nd period - Icing by Grant Clitsome.
6:39 of 2nd period - Jeff Carter wins face-off versus Joe Pavelski in Sabres zone.
6:52 of 2nd period - Shot by Jeff Carter.
6:52 of 2nd period - Shot Misses the Net.
7:03 of 2nd period - Nick Leddy is hit by Karl Alzner and loses puck.
8:57 of 2nd period - Shot by Martin Hanzal.
8:57 of 2nd period - Shot Blocked by Gabriel Landeskog.
9:10 of 2nd period - Icing by John Tavares.
9:11 of 2nd period - Jeff Carter wins face-off versus David Perron in Penguins zone.
9:11 of 2nd period - Tyler Myers is hit by Adam Larsson and loses puck.
9:37 of 2nd period - Shot by Joe Pavelski.
9:37 of 2nd period - Shot Misses the Net.
9:39 of 2nd period - Shot by Joe Pavelski.
9:39 of 2nd period - Goal by Joe Pavelski - Penguins : 1 - Sabres : 0.
9:40 of 2nd period - Evgeny Grachev wins face-off versus Stephen Weiss in neutral zone.
9:52 of 2nd period - Off-side.
9:53 of 2nd period - Martin Hanzal wins face-off versus Joe Pavelski in neutral zone.
10:39 of 2nd period - Icing by Ryan Callahan.
10:40 of 2nd period - Joe Pavelski wins face-off versus Thomas Vanek in Penguins zone.
10:40 of 2nd period - Joe Pavelski is hit by Dan Cleary.
11:32 of 2nd period - Off-side.
11:33 of 2nd period - Stephen Weiss wins face-off versus Mike Richards in neutral zone.
11:43 of 2nd period - Shot by Andrew Ladd.
11:43 of 2nd period - Stopped by Peter Budaj without a rebound.
11:44 of 2nd period - Zack Smith wins face-off versus Joel Ward in Sabres zone.
12:19 of 2nd period - Shot by Tuomo Ruutu.
12:19 of 2nd period - Shot Blocked by Nick Schultz.
12:21 of 2nd period - Shot by Martin Hanzal.
12:21 of 2nd period - Deflect By Tuomo Ruutu.
12:21 of 2nd period - Stopped by Marc-Andre Fleury with a rebound.
12:42 of 2nd period - Off-side.
12:43 of 2nd period - John Tavares wins face-off versus Jeff Carter in neutral zone.
12:43 of 2nd period - David Perron is hit by Thomas Vanek and loses puck.
12:58 of 2nd period - Shot by Gabriel Landeskog.
12:58 of 2nd period - Stopped by Peter Budaj without a rebound.
12:59 of 2nd period - Joe Pavelski wins face-off versus Mike Richards in Sabres zone.
13:35 of 2nd period - Minor Penalty to Mike Richards for Hooking.
13:36 of 2nd period - John Tavares wins face-off versus Martin Hanzal in Sabres zone.
13:51 of 2nd period - Shot by Nick Leddy.
13:51 of 2nd period - Stopped by Peter Budaj without a rebound.
13:52 of 2nd period - Martin Hanzal wins face-off versus John Tavares in Sabres zone.
13:52 of 2nd period - Martin Hanzal is hit by Gabriel Landeskog.
14:12 of 2nd period - Shot by Kris Letang.
14:12 of 2nd period - Shot Misses the Net.
14:22 of 2nd period - Shot by Kris Letang.
14:22 of 2nd period - Stopped by Peter Budaj with a rebound.
14:35 of 2nd period - David Perron is hit by Tuomo Ruutu and loses puck.
14:39 of 2nd period - Off-side.
14:40 of 2nd period - Tuomo Ruutu wins face-off versus Joe Pavelski in neutral zone.
15:00 of 2nd period - Off-side.
15:01 of 2nd period - Martin Hanzal wins face-off versus Joe Pavelski in neutral zone.
15:16 of 2nd period - Karl Alzner is hit by Ryan Callahan and loses puck.
15:41 of 2nd period - Shot by Stephen Weiss.
15:41 of 2nd period - Shot Misses the Net.
15:44 of 2nd period - Icing by Andrej Sekera.
15:45 of 2nd period - John Tavares wins face-off versus Jeff Carter in Sabres zone.
17:15 of 2nd period - Shot by Stephen Weiss.
17:15 of 2nd period - Stopped by Peter Budaj without a rebound.
17:16 of 2nd period - Joe Pavelski wins face-off versus Martin Hanzal in Sabres zone.
17:25 of 2nd period - Shot by Tuomo Ruutu.
17:25 of 2nd period - Stopped by Marc-Andre Fleury without a rebound.
17:26 of 2nd period - Joe Pavelski wins face-off versus Patrice Cormier in Penguins zone.
18:56 of 2nd period - Off-side.
18:57 of 2nd period - John Tavares wins face-off versus Jeff Carter in neutral zone.
19:08 of 2nd period - Shot by John Tavares.
19:08 of 2nd period - Shot Misses the Net.
19:14 of 2nd period - Gabriel Landeskog is hit by Jeff Carter.
19:19 of 2nd period - Off-side.
19:20 of 2nd period - Mike Richards wins face-off versus Joe Pavelski in neutral zone.
19:39 of 2nd period - Joe Pavelski is hit by Devin Setoguchi and loses puck.

3rd period


0:01 of 3rd period - Jeff Carter wins face-off versus John Tavares in neutral zone.
0:37 of 3rd period - Icing by Kris Letang.
0:38 of 3rd period - Mike Richards wins face-off versus David Perron in Penguins zone.
1:16 of 3rd period - Icing by Devin Setoguchi.
1:17 of 3rd period - Mike Richards wins face-off versus Ryan Smyth in Sabres zone.
2:09 of 3rd period - Shot by Dan Cleary.
2:09 of 3rd period - Shot Misses the Net.
4:47 of 3rd period - Jeff Carter is hit by Kris Letang.
5:05 of 3rd period - Shot by Devin Setoguchi.
5:05 of 3rd period - Shot Misses the Net.
5:13 of 3rd period - Shot by Mike Richards.
5:13 of 3rd period - Shot Blocked by Kris Letang.
5:41 of 3rd period - Icing by Ryan Suter.
5:42 of 3rd period - Joe Pavelski wins face-off versus Martin Hanzal in Penguins zone.
5:42 of 3rd period - Joe Pavelski is hit by Tuomo Ruutu.
5:54 of 3rd period - Icing by Karl Alzner.
5:55 of 3rd period - Martin Hanzal wins face-off versus Stephen Weiss in Sabres zone.
6:22 of 3rd period - Shot by Tuomo Ruutu.
6:22 of 3rd period - Shot Misses the Net.
6:25 of 3rd period - Icing by Andrew Ladd.
6:26 of 3rd period - Thomas Vanek wins face-off versus Stephen Weiss in Penguins zone.
6:31 of 3rd period - Shot by Jeff Carter.
6:31 of 3rd period - Shot Blocked by Nick Schultz.
6:33 of 3rd period - Shot by Jeff Carter.
6:33 of 3rd period - Goal by Jeff Carter - Penguins : 1 - Sabres : 1.
6:34 of 3rd period - John Tavares wins face-off versus Jeff Carter in neutral zone.
7:07 of 3rd period - Shot by John Tavares.
7:07 of 3rd period - Shot Misses the Net.
7:09 of 3rd period - Shot by John Tavares.
7:09 of 3rd period - Shot Misses the Net.
7:11 of 3rd period - Shot by Nick Leddy.
7:11 of 3rd period - Shot Misses the Net.
7:13 of 3rd period - Shot by Gabriel Landeskog.
7:13 of 3rd period - Stopped by Peter Budaj with a rebound.
7:15 of 3rd period - Shot by Gabriel Landeskog.
7:15 of 3rd period - Shot Misses the Net.
7:26 of 3rd period - Icing by Grant Clitsome.
7:27 of 3rd period - Jeff Carter wins face-off versus Andrew Ladd in Sabres zone.
7:27 of 3rd period - Jeff Carter is hit by Ryan Smyth.
7:30 of 3rd period - Thomas Vanek is hit by Ryan Smyth and loses puck.
7:54 of 3rd period - Kris Letang is hit by Dan Cleary and loses puck.
8:31 of 3rd period - Off-side.
8:32 of 3rd period - Martin Hanzal wins face-off versus Joe Pavelski in neutral zone.
8:39 of 3rd period - Shot by Martin Hanzal.
8:39 of 3rd period - Stopped by Marc-Andre Fleury without a rebound.
8:40 of 3rd period - Martin Hanzal wins face-off versus Joe Pavelski in Penguins zone.
8:54 of 3rd period - Minor Penalty to Alexander Edler for Hooking.
8:55 of 3rd period - Stephen Weiss wins face-off versus Jason Williams in Penguins zone.
8:55 of 3rd period - Stephen Weiss is hit by Tuomo Ruutu.
9:23 of 3rd period - Andrej Sekera is hit by Ryan Callahan and loses puck.
9:29 of 3rd period - Off-side.
9:30 of 3rd period - Jeff Carter wins face-off versus Zack Smith in neutral zone.
10:50 of 3rd period - Off-side.
10:51 of 3rd period - Stephen Weiss wins face-off versus Jeff Carter in neutral zone.
12:02 of 3rd period - Icing by Karl Alzner.
12:03 of 3rd period - Jeff Carter wins face-off versus Zack Smith in Sabres zone.
12:05 of 3rd period - Icing by Christian Ehrhoff.
12:06 of 3rd period - Jeff Carter wins face-off versus Joe Pavelski in Sabres zone.
12:08 of 3rd period - Icing by Christian Ehrhoff.
12:09 of 3rd period - Joe Pavelski wins face-off versus Jeff Carter in Sabres zone.
13:46 of 3rd period - Shot by David Perron.
13:46 of 3rd period - Shot Blocked by Tyler Myers.
14:38 of 3rd period - Andrew Ladd is hit by Martin Hanzal and loses puck.
15:45 of 3rd period - Tyler Myers is hit by Ryan Callahan and loses puck.
16:03 of 3rd period - Shot by Dan Cleary.
16:03 of 3rd period - Stopped by Marc-Andre Fleury without a rebound.
16:04 of 3rd period - Mike Richards wins face-off versus John Tavares in Penguins zone.
16:23 of 3rd period - Minor Penalty to Alexander Edler for Hooking.
16:24 of 3rd period - Jeff Carter wins face-off versus Zack Smith in Penguins zone.
16:27 of 3rd period - Shot by Thomas Vanek.
16:27 of 3rd period - Stopped by Marc-Andre Fleury without a rebound.
16:28 of 3rd period - Jeff Carter wins face-off versus Stephen Weiss in Penguins zone.
16:29 of 3rd period - Shot by Thomas Vanek.
16:29 of 3rd period - Shot Misses the Net.
16:38 of 3rd period - Shot by Jeff Carter.
16:38 of 3rd period - Stopped by Marc-Andre Fleury without a rebound.
16:39 of 3rd period - Jason Williams wins face-off versus Stephen Weiss in Penguins zone.
17:40 of 3rd period - Icing by Jason Williams.
17:41 of 3rd period - Jason Williams wins face-off versus Ryan Callahan in Sabres zone.
18:04 of 3rd period - Shot by Tyler Myers.
18:04 of 3rd period - Shot Misses the Net.
18:12 of 3rd period - Shot by Jeff Carter.
18:12 of 3rd period - Stopped by Marc-Andre Fleury without a rebound.
18:13 of 3rd period - Jeff Carter wins face-off versus Zack Smith in Penguins zone.
18:18 of 3rd period - Shot by Tyler Myers.
18:18 of 3rd period - Stopped by Marc-Andre Fleury without a rebound.
18:19 of 3rd period - Devin Setoguchi wins face-off versus Zack Smith in Penguins zone.
18:31 of 3rd period - Icing by Alexander Edler.
18:32 of 3rd period - Jeff Carter wins face-off versus Gabriel Landeskog in Penguins zone.
19:34 of 3rd period - Off-side.
19:35 of 3rd period - Mike Richards wins face-off versus Ryan Callahan in neutral zone.
19:40 of 3rd period - Shot by Mike Richards.
19:40 of 3rd period - Stopped by Marc-Andre Fleury with a rebound.

Overtime #1


0:01 of 1st overtime period - Jeff Carter wins face-off versus David Perron in neutral zone.
0:12 of 1st overtime period - Shot by Jeff Carter.
0:12 of 1st overtime period - Stopped by Marc-Andre Fleury without a rebound.
0:13 of 1st overtime period - Jeff Carter wins face-off versus John Tavares in Penguins zone.
0:16 of 1st overtime period - Shot by Jeff Carter.
0:16 of 1st overtime period - Shot Misses the Net.
2:13 of 1st overtime period - Shot by John Tavares.
2:13 of 1st overtime period - Stopped by Peter Budaj without a rebound.
2:14 of 1st overtime period - John Tavares wins face-off versus Mike Richards in Sabres zone.
2:29 of 1st overtime period - Shot by John Tavares.
2:29 of 1st overtime period - Shot Blocked by Andrej Sekera.
3:38 of 1st overtime period - Shot by Martin Hanzal.
3:38 of 1st overtime period - Stopped by Marc-Andre Fleury with a rebound.
3:45 of 1st overtime period - Off-side.
3:46 of 1st overtime period - John Tavares wins face-off versus Jeff Carter in neutral zone.
4:12 of 1st overtime period - Shot by David Perron.
4:12 of 1st overtime period - Shot Misses the Net.
4:14 of 1st overtime period - Shot by Alexander Edler.
4:14 of 1st overtime period - Stopped by Peter Budaj without a rebound.
4:15 of 1st overtime period - John Tavares wins face-off versus Mike Richards in Sabres zone.
4:20 of 1st overtime period - Shot by John Tavares.
4:20 of 1st overtime period - Shot Misses the Net.
4:22 of 1st overtime period - Shot by Alexander Edler.
4:22 of 1st overtime period - Stopped by Peter Budaj without a rebound.
4:23 of 1st overtime period - John Tavares wins face-off versus Jeff Carter in Sabres zone.
4:24 of 1st overtime period - Shot by David Perron.
4:24 of 1st overtime period - Goal by David Perron - Penguins : 2 - Sabres : 1.


Output by the SimonT Hockey Simulator (STHS) for Stephane Roy -- Original Page W3C XHTML 1.0 Valid
Hockey Simulator - Hockey Simulation - Hockey Manager